 Dungeon Crawl Stone Soup version 0.19.4 (webtiles) character file.

707 sveltemanboy the Zephyrmancer (level 7, 0/36 HPs)
             Began as a Tengu Air Elementalist on Jan 31, 2017.
             Was an Initiate of Vehumet.
             Shot with an arrow by a centaur (5 damage)
             ... on level 5 of the Dungeon.
             The game lasted 00:17:53 (6477 turns).

sveltemanboy the Zephyrmancer (TeAE)                Turns: 6477, Time: 00:17:53

Health: 0/36       AC:  4    Str:  8    XL:     7   Next: 67%
Magic:  10/11      EV: 14    Int: 17    God:    Vehumet [......]
Gold:   258        SH:  0    Dex: 15    Spells: 3 memorised, 4 levels left

rFire  . . .     SeeInvis .     (no weapon)
rCold  . . .     Gourm    .     a - +0 robe
rNeg   . . .     Faith    .     (no shield)
rPois  .         Spirit   .     (helmet restricted)
rElec  .         Reflect  .     x - +1 cloak
rCorr  .         Harm     .     (no gloves)
MR     .....                    (boots unavailable)
Stlth  +.........               (no amulet)
                                r - ring of loudness
                                u - +1 ring of evasion

@: repel missiles
A: beak, talons 3, able to fly 1
a: Fly, Renounce Religion


You were on level 5 of the Dungeon.
You worshipped Vehumet.
Vehumet was noncommittal.
You were hungry.

You visited 2 branches of the dungeon, and saw 6 of its levels.

You collected 258 gold pieces.

Inventory:

Armour
 a - a +0 robe (worn)
 x - a +1 cloak (worn)
Jewellery
 r - a ring of loudness (right hand)
 u - a +1 ring of evasion (left hand)
Wands
 m - a wand of enslavement (8/24)
 v - a wand of iceblast (0/15)
 y - a wand of paralysis (9/24)
Scrolls
 g - 2 scrolls of remove curse
 h - 4 scrolls of identify
 i - 2 scrolls of amnesia
Potions
 d - a potion of resistance {unknown}
 j - 2 potions of lignification
 k - 2 potions of cure mutation
 l - a potion of heal wounds
 q - a potion of berserk rage
 w - a potion of ambrosia
 z - a potion of agility
Books
 b - a book of Air

   Spells                             Type                      Level
   a - Shock                          Conjuration/Air              1
   b - Swiftness                      Charms/Air                   2
   c - Repel Missiles                 Charms/Air                   2
   d - Static Discharge               Conjuration/Air              3
   e - Lightning Bolt                 Conjuration/Air              5
Comestibles
 c - 3 bread rations
 f - 2 slices of pizza
 p - 2 meat rations
 s - a royal jelly


   Skills:
 - Level 2.1 Dodging
 - Level 2.0 Stealth
 - Level 2.0 Spellcasting
 + Level 7.8 Conjurations
 + Level 8.4 Air Magic


You had 4 spell levels left.
You knew the following spells:

 Your Spells              Type           Power        Failure   Level  Hunger
a - Shock                 Conj/Air       ####         1%          1    #......
b - Repel Missiles        Chrm/Air       ###...       6%          2    ###....
c - Static Discharge      Conj/Air       ####....     1%          3    ###....


Dungeon Overview and Level Annotations

Branches:
Dungeon (5/15)             Temple (1/1) D:5

Altars:
Cheibriados
Elyvilon
Gozag
Nemelex Xobeh
Qazlal
Sif Muna
Vehumet
Yredelemnul


Innate Abilities, Weirdness & Mutations

You have a beak for a mouth.
You have claws for feet.
You can fly.


Message History

You see here a leather armour.
You see here a leather armour.
Found 30 stones.
A centaur comes into view.
The centaur shouts!
The centaur wields a shortbow.
The centaur shoots an arrow.
The arrow hits you.
The centaur shoots an arrow.
The arrow hits you!
You see here 2 arrows.
Casting: Shock
Confirm with . or Enter, or press ? or * to list all spells.
You feel protected from missiles.
You are feeling hungry.
The centaur shoots an arrow.
The arrow hits you!
The centaur shoots an arrow.
The arrow hits you!
* * * LOW HITPOINT WARNING * * *
You see here an arrow.
The centaur shoots an arrow.
The arrow is repelled.
The centaur shoots an arrow.
The arrow barely misses you.
The centaur shoots an arrow.
The arrow hits you.
You die...

.'.>.'..............(###......#..
##⌠.⌠######.........(##....##..##
####### #..........#.....##..##
###.### ##.......(#......###..#
#.# #...............####.# ###.#
##................##<. ##..#
##...........#######. ##.##
##..........# #. #.##
##@.#.....## ## ##..##
##.(##....<# # #....##
##.####....## # ......## ##.##
#....# .......#####.## #....#
........##..## ##...########
........(c.## #...........#
..........## #...........# #
..........# #....(.....## #


You could see a centaur.

Vanquished Creatures
  Purgy (D:4)
  A centaur (D:5)
  A water moccasin zombie (D:5)
  A scorpion (D:5)
  A crimson imp (D:5)
  3 orc wizards (D:4)
  Crazy Yiuf (D:4)
  Jessica (D:2)
  4 worker ants
  A hound zombie (D:5)
  A hound skeleton (D:5)
  3 adders
  An ooze (D:2)
  An adder skeleton (D:4)
  An adder zombie (D:5)
  2 dart slugs
  5 leopard geckos
  7 orcs
  7 bats
  6 giant cockroaches
  13 goblins
  8 hobgoblins
  3 jackals (D:5)
  2 quokkas
  3 ball pythons
  4 frilled lizards
  7 kobolds
  3 rats
92 creatures vanquished.

Notes
Turn   | Place    | Note
-------+----------+-------------------------------------------
     0 | D:1      | sveltemanboy the Tengu Air Elementalist began the quest for the Orb.
     0 | D:1      | Reached XP level 1. HP: 10/10 MP: 4/4
   558 | D:1      | Reached XP level 2. HP: 15/15 MP: 4/6
   581 | D:1      | Learned a level 2 spell: Repel Missiles
  1018 | D:1      | Reached XP level 3. HP: 19/19 MP: 5/7
  1042 | D:1      | Learned a level 3 spell: Static Discharge
  1267 | D:2      | Noticed Jessica
  1278 | D:2      | Killed Jessica
  1278 | D:2      | Reached skill level 5 in Air Magic
  1366 | D:2      | Found a stormy altar of Qazlal.
  1412 | D:2      | Reached XP level 4. HP: 23/24 MP: 4/8
  2533 | D:3      | Found a sparkling altar of Nemelex Xobeh.
  2914 | D:4      | Gained mutation: You can fly. [Tengu growth]
  2914 | D:4      | Reached XP level 5. HP: 28/28 MP: 5/9
  2918 | D:4      | Reached skill level 6 in Air Magic
  3123 | D:4      | HP: 1/28 [something/puff of flame (8)]
  3716 | D:4      | Noticed Purgy
  3727 | D:4      | Reached skill level 5 in Conjurations
  4091 | D:4      | Reached XP level 6. HP: 28/32 MP: 2/10
  4224 | D:4      | Found a runed door.
  4370 | D:4      | Noticed Crazy Yiuf
  4416 | D:4      | Killed Crazy Yiuf
  4794 | D:4      | Killed Purgy
  4794 | D:4      | Reached skill level 7 in Air Magic
  4856 | D:5      | Entered Level 5 of the Dungeon
  5018 | D:5      | Found a staircase to the Ecumenical Temple.
  5172 | D:5      | Reached XP level 7. HP: 34/36 MP: 7/11
  5219 | Temple   | Entered the Ecumenical Temple
  5240 | Temple   | Became a worshipper of Vehumet
  5444 | D:5      | Reached skill level 8 in Air Magic
  6477 | D:5      | Shot with an arrow by a centaur

Skill      XL: |  1  2  3  4  5  6  7 |
---------------+----------------------+-----
Conjurations   | 2 3 4 5 6 7 |  7.8
Air Magic      | 5 6 7 8 |  8.4
Dodging        | |  2.1
Stealth        | |  2.0
Spellcasting   | |  2.0

Action                   |  1- 3 |  4- 6 |  7- 9 || total
-------------------------+-------+-------+-------++-------
Melee: Unarmed           |     3 |     4 |     2 ||     9
       Peck              |       |     2 |       ||     2
       Kick              |       |     1 |       ||     1
 Cast: Shock             |    46 |   120 |    51 ||   217
       Static Discharge  |       |     2 |       ||     2
       Repel Missiles    |       |       |     2 ||     2
Evoke: Wand              |       |     4 |       ||     4
  Use: Scroll            |       |       |    14 ||    14
  Eat: Chunk             |     2 |    12 |     5 ||    19
       Beef jerky        |       |     1 |       ||     1
Armor: Robe              |     7 |     4 |       ||    11
Dodge: Dodged            |    12 |    36 |    19 ||    67
       Deflected         |       |       |     2 ||     2
